Map: Cañón atribulado

Players

RabbleRabble - Winner!

  • Race: Terran Terran
  • Spawn Location: 6:00

Ron - Winner!

  • Race: Terran Terran
  • Spawn Location: 7:00

Cloud - Winner!

  • Race: Terran Terran
  • Spawn Location: 6:00

TATORREA

  • Race: Protoss Protoss
  • League: Silver
  • Spawn Location: 3:00

tigro

  • Race: Terran Terran
  • League: Bronze
  • Spawn Location: 12:00

MrFercho

  • Race: Terran Terran
  • League: Silver
  • Spawn Location: 12:00

VOD

Have the link to the VOD?

Description

Time

  • Played on: June 3, 2020, 9:42 p.m.
  • Length: 12:12
Show
View Real Time Build Order
Export as new Build Order

RabbleRabble Terran - Winner!

Build Orders: 1/1/1 

Get SALT Encoding   

  12  0:16  Supply Depot, SCV  
  13  0:30  SCV  
  13  0:35  Refinery  
  14  0:49  Barracks  
  15  0:50  SCV  
  15  1:06  Refinery  
  15  1:09  SCV  
  16  1:21  SCV  
  17  1:36  SCV  
  18  1:40  Factory  
  18  1:48  Orbital Command  
  18  2:00  Supply Depot  
  18  2:14  SCV  
  19  2:22  Supply Depot  
  19  2:28  Starport  
  19  2:31  SCV  
  20  2:43  SCV  
  21  3:05  Command Center  
  21  3:08  SCV  
  22  3:20  SCV  
  23  3:33  Starport Tech Lab  
  23  3:35  Starport  
  23  3:47  Armory  
  23  4:04  SCV  
  24  4:18  SCV  
  24  4:23  Refinery  
  25  4:29  Fusion Core, Starport Tech Lab  
  25  4:30  SCV  
  26  4:34  Barracks Reactor  
  26  4:41  Terran Vehicle And Ship Armor Level 1  
  26  5:00  SCV  
  27  5:12  SCV  
  28  5:18  Battlecruiser  
  34  5:24  SCV  
  35  5:31  Battlecruiser  
  41  5:36  SCV  
  42  5:49  Starport  
  42  5:51  SCV  
  43  6:03  Refinery  
  43  6:04  SCV  
  44  6:16  SCV  
  45  6:21  Marine  
  45  6:22  Marine  
  47  6:28  SCV  
  48  7:10  Battlecruiser  
  48  7:13  Starport Tech Lab  
  54  7:25  Terran Vehicle And Ship Armor Level 2  
  54  7:28  Supply Depot  
  54  7:49  Battlecruiser, SCV x2  
  62  7:51  Supply Depot  
  62  8:02  Supply Depot  
  62  8:13  Battlecruiser, SCV  
  62  8:17  Supply Depot  
  69  8:25  Supply Depot, SCV  
  70  8:40  Supply Depot  
  70  9:31  Battlecruiser x2  
  62  10:34  Battlecruiser  
  67  10:36  Battlecruiser  
  73  11:08  SCV  
  73  11:11  SCV  
  75  11:16  Marine x2  
  77  11:20  SCV  
  77  11:23  SCV  
  85  11:32  SCV  
  80  11:34  Marine x2  
  76  11:52  Marine x2  
Show
View Real Time Build Order
Export as new Build Order

Ron Terran - Winner!

Build Orders:  

Get SALT Encoding   

  12  0:30  Supply Depot  
  12  0:58  Barracks  
  12  1:00  SCV  
  13  1:12  SCV  
  13  1:16  Refinery  
  14  1:25  SCV  
  15  1:37  SCV  
  16  1:49  SCV  
  16  1:52  Marine  
  18  2:07  Orbital Command  
  18  2:09  Marine  
  18  2:11  Command Center  
  19  2:27  Marine  
  20  2:35  SCV  
  21  2:45  Marine  
  21  2:47  Supply Depot  
  21  2:48  Supply Depot, SCV  
  23  3:08  SCV  
  24  3:17  Barracks Reactor  
  24  3:20  SCV  
  24  3:25  Factory  
  25  3:31  SCV  
  25  3:32  SCV  
  27  3:43  SCV  
  27  3:45  Engineering Bay  
  28  3:55  SCV  
  29  4:02  Barracks  
  29  4:07  Barracks, SCV  
  30  4:14  Marine x2  
  32  4:19  SCV  
  33  4:32  Marine x2  
  33  4:33  Factory  
  33  4:35  SCV  
  36  4:47  SCV  
  36  4:49  Marine, Factory Tech Lab  
  36  4:50  Marine  
  40  4:54  Planetary Fortress  
  40  4:59  SCV  
  40  5:07  Marine x2  
  40  5:11  SCV  
  43  5:18  Refinery  
  43  5:23  SCV  
  44  5:34  SCV  
  45  5:46  SCV  
  46  5:50  Refinery  
  46  5:54  Refinery  
  46  5:58  SCV  
  46  5:59  Siege Tank  
  50  6:10  SCV  
  50  6:21  Supply Depot  
  50  6:22  Supply Depot  
  50  6:23  Supply Depot  
  50  6:24  Supply Depot x2  
  50  6:28  Supply Depot  
  50  6:31  Siege Tank  
  53  6:48  Marine x4  
  57  7:06  Marine x4, SCV  
  61  7:18  SCV  
  59  7:24  Marine x4  
  63  7:30  SCV  
  64  7:41  Marine  
  64  7:42  Marine x3  
  64  7:43  SCV  
  69  7:52  Factory Tech Lab  
  69  7:53  Siege Tank  
  69  7:55  SCV  
  73  7:59  Marine x2  
  73  8:00  Marine x2  
  77  8:17  Marine x3  
  77  8:18  Marine  
  81  8:26  Siege Tank  
  74  8:35  Marine x2  
  75  8:58  Siege Tank  
  78  9:15  Siege Tank  
  81  9:17  Marine  
  81  9:18  Marine x3  
  85  9:30  Siege Tank  
  88  9:35  Marine x2  
  88  9:36  Marine x2  
  92  9:47  Siege Tank  
  95  9:53  Marine x3  
  95  9:54  Marine  
  99  10:02  Siege Tank  
  102  10:23  Marine  
  102  10:24  Marine  
  102  10:25  Marine x2  
  102  10:27  Siege Tank  
  100  10:41  Marine  
  101  10:43  Marine  
  102  10:53  Siege Tank  
  93  10:59  Siege Tank  
  96  11:25  Siege Tank  
  99  11:31  Siege Tank  
Show
View Real Time Build Order
Export as new Build Order

Cloud Terran - Winner!

Build Orders:  

Get SALT Encoding   

  12  0:05  SCV  
  13  0:17  SCV  
  13  0:20  Supply Depot  
  14  0:29  SCV  
  14  0:31  Refinery  
  15  0:42  SCV  
  16  0:49  Barracks  
  16  0:54  SCV  
  17  1:06  SCV  
  17  1:10  Barracks  
  18  1:18  SCV  
  19  1:26  Supply Depot  
  19  1:30  SCV  
  20  1:37  Barracks Reactor  
  20  1:42  SCV  
  21  1:54  SCV  
  22  2:07  Supply Depot  
  23  2:09  Orbital Command  
  23  2:11  Barracks Tech Lab  
  22  2:15  Marine, Factory  
  22  2:17  Marine  
  24  2:33  Marine  
  25  3:03  Command Center  
  25  3:07  Supply Depot, Factory Tech Lab  
  25  3:09  Barracks, Stimpack  
  25  3:19  Marine x2  
  26  3:20  Marine  
  28  3:33  Hellion, Refinery  
  30  3:37  Marine  
  31  3:45  SCV  
  32  3:50  Marine x2  
  32  3:54  Hellion  
  32  3:55  Marine  
  37  3:57  Barracks Reactor, SCV  
  37  4:00  Supply Depot  
  38  4:09  SCV  
  39  4:12  Marine x2  
  39  4:15  Siege Tank  
  44  4:21  Orbital Command  
  44  4:25  Marine  
  45  4:32  Engineering Bay  
  45  4:36  SCV  
  46  4:45  Marine  
  46  4:47  Marine  
  46  4:48  SCV, Siege Tank  
  52  4:59  Missile Turret  
  52  5:02  Terran Infantry Weapons Level 1  
  52  5:03  SCV x2  
  52  5:06  Marine  
  55  5:08  Marine  
  56  5:15  SCV  
  56  5:17  Missile Turret  
  57  5:21  Marine  
  57  5:22  Marine x2  
  57  5:24  Marine  
  57  5:26  Marine  
  62  5:39  Marine  
  62  5:41  Starport  
  62  5:42  SCV x2  
  65  5:49  Supply Depot  
  65  5:54  SCV  
  65  5:55  SCV  
  67  6:07  SCV  
  66  6:28  Combat Shield  
  66  6:30  SCV x2  
  68  6:39  Marine x2  
  70  6:43  SCV  
  70  6:44  Marine x3  
  70  6:47  SCV  
  70  6:50  Siege Tank  
  70  6:57  Marine, SCV  
  70  7:00  Starport Reactor  
  69  7:05  Marine  
  70  7:10  Marine  
  70  7:12  Marine x2  
  70  7:15  Marine  
  69  7:16  Barracks  
  69  7:23  Marine  
  69  7:26  Engineering Bay  
  69  7:27  Armory  
  69  7:28  Terran Infantry Armor Level 1  
  70  7:35  Refinery  
  70  7:36  Refinery  
  70  7:38  Supply Depot  
  70  7:47  Command Center  
  70  7:59  Medivac, Marine x3, SCV x2  
  70  8:01  Supply Depot  
  77  8:06  Supply Depot  
  77  8:07  Medivac  
  77  8:12  SCV x2  
  81  8:16  Marine  
  81  8:17  Marine x3  
  85  8:24  Supply Depot  
  85  8:29  Supply Depot  
  85  8:40  Marine x6  
  91  8:47  Supply Depot  
  90  8:53  Supply Depot  
  90  8:58  Marine x5  
  92  9:07  Marine  
  92  9:12  Command Center  
  92  9:15  Marine  
  92  9:16  Supply Depot, Marine x4  
  97  9:25  Marine  
  97  9:28  Bunker, Siege Tank  
  101  9:33  Marine x2  
  95  9:40  Supply Depot  
  91  10:03  Supply Depot  
  68  10:14  Medivac  
  68  10:16  Marine x4  
  74  10:25  Supply Depot  
  45  10:45  Marine  
  45  10:46  Marine x3  
  45  10:49  Orbital Command  
  34  11:24  SCV  
Show
View Real Time Build Order
Export as new Build Order

TATORREA Protoss 

Build Orders:  

Get SALT Encoding   

  12  0:01  Probe  
  13  0:22  Pylon  
  13  0:26  Probe  
  14  0:38  Probe (Chrono Boost)  
  16  0:50  Probe (Chrono Boost)  
  16  0:55  Probe (Chrono Boost)  
  17  1:03  Gateway  
  17  1:04  Gateway  
  17  1:10  Probe  
  18  1:18  Assimilator  
  18  1:25  Probe  
  19  1:39  Probe  
  20  1:41  Pylon  
  20  1:51  Probe  
  21  2:08  Nexus  
  21  2:10  Pylon  
  21  2:11  Probe  
  22  2:27  Cybernetics Core  
  22  2:38  Probe  
  22  2:39  Pylon  
  23  2:49  Assimilator  
  23  2:50  Probe, Zealot  
  25  2:53  Zealot  
  27  3:02  Probe  
  28  3:14  Probe  
  29  3:22  Probe  
  29  3:26  Probe  
  31  3:31  Forge  
  31  3:34  Twilight Council  
  31  3:35  Probe  
  31  3:40  Robotics Facility  
  32  3:43  Probe  
  32  3:44  Warp Gate (Chrono Boost)  
  32  3:47  Probe  
  34  3:55  Probe  
  35  3:59  Stalker (Chrono Boost), Probe  
  38  4:03  Stalker (Chrono Boost)  
  40  4:11  Probe x2  
  42  4:19  Protoss Ground Weapons Level 1  
  42  4:21  Charge  
  42  4:26  Probe x2  
  44  4:32  Warp Prism  
  44  4:38  Probe x2  
  48  4:48  Pylon  
  48  4:50  Probe x2  
  48  4:52  Pylon  
  50  4:57  Assimilator  
  50  5:07  Gateway  
  50  5:09  Gateway  
  50  5:12  Gateway  
  50  5:14  Gateway  
  50  5:15  Probe x2  
  52  5:26  Assimilator  
  52  5:27  Probe x2  
  54  5:31  Immortal  
  58  5:42  Zealot x2  
  62  5:47  Probe x2  
  64  6:01  Probe x2, Nexus  
  66  6:16  Stalker x2  
  70  6:21  Stalker x2  
  70  6:22  Stalker  
  70  6:23  Stalker  
  76  6:55  Stalker  
  76  6:56  Stalker  
  76  6:57  Stalker  
  76  6:58  Stalker  
  76  7:00  Stalker  
  50  7:36  Pylon  
  50  7:41  Pylon  
  50  7:46  Pylon  
  50  7:53  Pylon  
  50  7:56  Pylon  
  50  7:58  Pylon  
  50  8:06  Pylon  
  50  8:10  Pylon  
  50  8:14  Pylon  
  50  8:15  Probe x2  
  50  8:16  Probe  
  53  8:23  Stalker  
  53  8:25  Zealot  
  53  8:26  Gateway  
  57  8:27  Gateway, Probe x2  
  57  8:28  Probe  
  57  8:29  Zealot  
  57  8:30  Gateway  
  57  8:33  Gateway  
  62  8:36  Gateway  
  62  8:39  Gateway, Probe  
  62  8:40  Probe x2, Zealot  
  62  8:41  Zealot x2  
  71  8:42  Robotics Bay  
  71  8:43  Stargate  
  71  8:45  Stargate  
  71  8:48  Stargate  
  71  8:52  Probe, Zealot x2  
  76  9:05  Zealot x2  
  80  9:33  Zealot  
  80  9:34  Zealot x4  
  80  9:35  Zealot x3  
  78  10:04  Zealot  
  17  11:09  Nexus  
Show
View Real Time Build Order
Export as new Build Order

tigro Terran 

Build Orders:  

Get SALT Encoding   

  12  0:04  SCV  
  13  0:16  SCV  
  14  0:22  Supply Depot  
  14  0:44  SCV  
  15  0:57  SCV  
  16  1:02  Barracks  
  16  1:05  Refinery  
  16  1:09  SCV  
  17  1:21  SCV  
  18  1:28  Barracks  
  18  1:33  SCV  
  19  1:40  Supply Depot  
  19  1:43  Refinery  
  19  1:45  SCV  
  20  1:53  Marine  
  21  1:57  SCV  
  22  2:09  SCV  
  22  2:11  Marine  
  24  2:18  Barracks Tech Lab  
  24  2:21  SCV  
  25  2:28  Marine  
  26  2:32  Engineering Bay  
  26  2:33  SCV  
  27  2:46  Marine  
  27  2:49  Combat Shield  
  28  2:51  Marine  
  29  3:03  Factory  
  29  3:04  Marine, Orbital Command  
  30  3:09  Marine  
  31  3:35  Barracks Tech Lab, Marine  
  32  3:52  Terran Infantry Weapons Level 1  
  32  3:53  Starport, Marine  
  33  4:08  Stimpack  
  33  4:10  Concussive Shells  
  33  4:11  Marine  
  34  4:18  Factory Tech Lab  
  34  4:28  Marine  
  35  4:41  Medivac  
  37  4:46  Marine  
  37  4:48  Command Center  
  38  5:09  Refinery  
  38  5:13  Siege Tank  
  41  5:32  Starport Tech Lab  
  41  5:42  Armory  
  41  5:46  Terran Infantry Armor Level 1  
  41  6:03  Refinery  
  34  6:25  Marine x2  
  35  6:30  Banshee  
  36  6:40  SCV  
  36  6:43  Marine x2  
  39  6:52  SCV  
  40  7:00  Fusion Core  
  40  7:01  Marine x2  
  41  7:04  SCV  
  43  7:11  Siege Tank  
  46  7:16  SCV  
  46  7:18  Marine  
  46  7:19  Marine  
  49  7:28  SCV  
  50  7:36  Marine  
  50  7:37  Marine  
  51  7:40  Hi-Sec Auto Tracking, SCV  
  53  7:52  SCV  
  54  8:05  SCV  
  55  8:16  Missile Turret  
  44  8:37  Neosteel Armor  
  39  8:42  Missile Turret  
  37  9:02  Weapon Refit  
  32  9:04  Viking  
  32  9:05  Missile Turret  
  33  9:26  Marine  
  33  9:27  Marine  
  32  9:33  Missile Turret  
  32  9:34  Viking  
  32  9:44  Marine  
  29  9:55  Missile Turret  
  28  10:04  Medivac  
  30  10:09  Terran Vehicle Weapons Level 1  
  30  10:16  Missile Turret  
  30  10:34  Viking  
  31  10:42  Rapid Reignition System  
  26  10:59  Command Center  
  16  11:04  Viking  
  16  11:09  Marine  
Show
View Real Time Build Order
Export as new Build Order

MrFercho Terran 

Build Orders:  

Get SALT Encoding   

  12  0:02  SCV  
  13  0:42  Supply Depot  
  13  1:01  SCV  
  14  1:13  SCV  
  14  1:16  Barracks  
  14  1:17  Command Center  
  15  1:27  Barracks  
  15  1:29  SCV  
  16  1:46  SCV  
  17  2:05  Refinery  
  17  2:13  Supply Depot  
  17  2:19  SCV  
  17  2:21  Refinery  
  18  2:24  Marine x2  
  20  2:31  SCV  
  20  2:32  Engineering Bay  
  21  2:42  Marine  
  23  2:44  SCV  
  23  2:51  Orbital Command  
  23  2:56  Orbital Command  
  23  3:08  Refinery  
  23  3:12  Barracks Tech Lab  
  23  3:14  Barracks Reactor  
  23  3:22  SCV  
  25  3:34  SCV  
  25  3:36  Combat Shield  
  25  3:47  SCV  
  26  3:49  SCV  
  26  3:54  Marine x2  
  29  3:59  SCV  
  29  4:01  SCV  
  31  4:04  Factory  
  31  4:13  Supply Depot  
  31  4:17  Marauder  
  33  4:26  Terran Infantry Weapons Level 1  
  33  4:44  Refinery  
  33  5:15  Sensor Tower  
  33  5:21  SCV x2  
  35  5:33  SCV x2  
  37  5:40  Starport  
  37  5:45  SCV  
  37  5:48  Armory  
  38  5:54  SCV  
  38  5:55  Armory  
  39  5:58  SCV  
  39  6:02  Missile Turret  
  40  6:06  SCV  
  40  6:10  SCV  
  42  6:18  Starport, SCV  
  43  6:21  Missile Turret  
  43  6:22  SCV  
  44  6:29  Starport Tech Lab  
  44  6:33  Terran Infantry Armor Level 1  
  44  6:38  Terran Ship Weapons Level 1  
  44  6:41  SCV  
  45  6:49  Viking  
  45  6:53  SCV  
  48  6:55  Concussive Shells  
  48  7:06  Factory  
  48  7:07  Factory Tech Lab  
  48  7:18  Factory  
  48  7:19  Viking  
  48  7:20  Factory  
  50  7:28  SCV x2  
  52  7:39  Command Center  
  52  7:40  SCV  
  52  7:41  SCV  
  54  7:57  Sensor Tower  
  54  8:16  Missile Turret  
  54  8:17  Missile Turret  
  54  8:20  Viking  
  54  8:26  Supply Depot  
  56  8:28  Supply Depot  
  56  8:29  Starport Reactor  
  56  8:30  Supply Depot  
  56  8:31  Drilling Claws  
  56  8:34  Factory Reactor x2  
  56  8:35  Factory Reactor  
  56  8:38  Missile Turret  
  56  8:39  Missile Turret  
  52  8:51  Supply Depot  
  48  8:58  Widow Mine  
  48  9:00  Missile Turret  
  43  9:20  Widow Mine x2  
  43  9:21  Widow Mine x5  
  43  9:23  Missile Turret  
  57  9:40  Refinery  
  57  9:41  Widow Mine  
  57  9:42  Refinery, Widow Mine x6, Orbital Command  
  70  9:54  Terran Vehicle Weapons Level 1  
  70  9:57  Terran Vehicle And Ship Armor Level 1  
  70  10:03  Widow Mine x2  
  70  10:04  Widow Mine x5  
  84  10:07  Banshee  
  84  10:09  Viking x2  
  91  10:15  Cloaking Field  
  91  10:24  Widow Mine x2  
  91  10:25  Widow Mine x5  
  91  10:39  Viking x2  
  89  10:45  Widow Mine  
  87  10:50  Banshee  
Tags
 
Add a new tag
Caveats
  • Supply blocks, unpowered buildings, or Contaminate may cause inaccurate times.
  • Supply counts are checked every 10 seconds.